 Dungeon Crawl Stone Soup version 0.29-a0-338-g1ff7896281 (webtiles) character file.

Game seed: 11723455794867598508

111 bande the Skirmisher (level 4, -11/29 HPs)
             Began as a Gargoyle Fighter on Apr 18, 2022.
             Mangled by an ogre
             ... wielding a +0 giant club
              (17 damage)
             ... on level 4 of the Dungeon.
             The game lasted 00:02:38 (1929 turns).

bande the Skirmisher (Gargoyle Fighter)             Turns: 1929, Time: 00:02:39

Health: -11/29     AC: 14    Str: 20    XL:     4   Next: 92%
Magic:  4/4        EV:  7    Int:  8    God:
Gold:   917        SH:  4    Dex: 11    Spells: 3/3 levels left

rFire   . . .      SeeInvis .   a - +1 war axe
rCold   . . .      Faith    .   c - +0 buckler
rNeg    + . .      Spirit   .   e - +0 chain mail
rPois   ∞          Reflect  .   (no helmet)
rElec   +          Harm     .   (no cloak)
rCorr   .          Rampage  .   (no gloves)
Will    .....                   j - +0 pair of boots
Stlth   ..........              (no amulet)
HPRegen 0.09/turn               (no ring)
MPRegen 0.09/turn               (no ring)

@: mighty
A: sickness immunity, AC +3, negative energy resistance 1, electricity
resistance, torment resistance 1, petrification resistance
a: no special abilities


You were on level 4 of the Dungeon.
You visited 1 branch of the dungeon, and saw 3 of its levels.

You collected 917 gold pieces.

Inventory:

Hand Weapons
 a - a +1 war axe (weapon)
Armour
 c - a +0 buckler (worn)
 e - a +0 chain mail (worn)
 j - a +0 pair of boots (worn)
Jewellery
 f - a ring of positive energy
Scrolls
 b - a scroll of amnesia
 h - 2 scrolls of enchant weapon
Potions
 d - a potion of might
 g - 2 potions of curing
 i - a potion of invisibility {unknown}
 k - a potion of brilliance {unknown}


   Skills:
 + Level 4.0 Fighting
 + Level 3.1 Axes
 + Level 3.9 Armour
 + Level 4.0 Shields


You had 3 spell levels left.
You didn't know any spells.
Your spell library contained the following spells:

 Spells                   Type           Power      Damage    Failure   Level
 Animate Skeleton         Necr           0%         N/A       99%         1
 Pain                     Necr           0%         1d4       99%         1
 Vampiric Draining        Necr           0%         2d6       100%        3


Dungeon Overview and Level Annotations

Branches:
Dungeon (2/15)

Altars:


Innate Abilities, Weirdness & Mutations

You are immune to sickness and miasma.
Your stone body is resilient. (AC +3)
You are immune to poison.
You resist negative energy. (rN+)
You are resistant to electric shocks. (rElec)
You are resistant to unholy torment.
You are immune to petrification.


Message History

Natasha stares at you and mumbles some strange words.
The magic dart hits you. You block Natasha's attack.
You closely miss Natasha. You closely miss the ball python.
You block the ball python's attack. The ball python grabs you.
The ball python constricts you. Natasha barely misses you.
The ball python bites you. The ball python constricts you.
You slash the ball python!
You kill the ball python!
You slash the goblin!
You kill the goblin!
You hit Natasha. You block Natasha's attack. Natasha claws you.
You slash Natasha!
You kill Natasha!
You hear a faint echoing roar filled with hate and sorrow!
Your Fighting skill increases to level 4!
Your Axes skill increases to level 3!
Your Shields skill increases to level 4!
No target in view!
No target in view!
No target in view!
No target in view!
Unknown command.
You see here a +0 club.
g - 2 potions of curing (gained 1)
You start resting.
An ogre comes into view. It is wielding a +0 giant club.
The ogre shouts!
You feel very mighty all of a sudden.
You barely miss the ogre. The ogre barely misses you.
You slice the ogre!!
The ogre is severely wounded.
The ogre hits you with a +0 giant club!
Ouch! That really hurt!
* * * LOW HITPOINT WARNING * * *
You hit the ogre.
The ogre is almost dead.
The ogre hits you with a +0 giant club!
Ouch! That really hurt!
You die...

...$.....##.###
#............. #
..........†... #.
#...)..# .###.
#......### .....
#.........
#..##########O......##
####.......##..........#
........@O....##.####..#
#####.####.#####.# #...
#.####.# #.# #..
#......#####.# ..
#####..).....# .
#.######### #..........
###########


You could see an ogre.

Vanquished Creatures
  Natasha (D:4)
  A gnoll (D:1)
  4 adders (D:2)
  A worm (D:2)
  2 dart slugs
  An orc (D:4)
  2 ball pythons
  2 endoplasms
  4 goblins
  2 hobgoblins
  8 jackals (D:2)
  2 kobolds (D:1)
  3 frilled lizards
33 creatures vanquished.

Notes
Turn   | Place    | Note
-------+----------+-------------------------------------------
     0 | D:1      | bande the Gargoyle Fighter began the quest for the Orb.
     0 | D:1      | Reached XP level 1. HP: 14/14 MP: 1/1
   394 | D:1      | Reached XP level 2. HP: 4/19 MP: 2/2
   879 | D:1      | Found a faded altar of an unknown god.
   943 | D:1      | Identified a scroll of acquirement
   943 | D:1      | Acquired 834 gold pieces
  1186 | D:2      | Reached XP level 3. HP: 21/24 MP: 3/3
  1461 | D:2      | Reached XP level 4. HP: 29/29 MP: 4/4
  1867 | D:2      | You fall into a shaft and drop 2 floors!
  1886 | D:4      | Noticed Natasha
  1893 | D:4      | Killed Natasha
  1911 | D:4      | Noticed an ogre
  1929 | D:4      | Mangled by an ogre

Illustrated notes

Levels and vault maps discovered:
D:1:      eino_arrival_cavern_d, layout_basic, chequers_ecumenical_altar_lobes,
          minmay_misc_feat_nine_boxes
D:2:      layout_loops_cross, serial_aquarium, aquarium_bridge_square
          [aquarium_subvault_bridge, aquarium_subvault_wall,
          aquarium_subvault_balcony, aquarium_subvault_balcony],
          aquarium_window_2, aquarium_window_2, aquarium_window_fake,
          aquarium_view_2a, aquarium_view_2a, aquarium_pool_2
D:4:      layout_loops_ring, nicolae_overflow_squiral,
          mainiacjoe_overflow_alcove_4, minmay_temple_entry_fiery, uniq_natasha

Skill      XL: |  1  2  3  4 |
---------------+-------------+-----
Axes           | 2 3 |  3.1
Fighting       | 4 |  4.0
Shields        | 4 |  4.0
Armour         | |  3.9

Action                   |  1- 3 |  4- 6 || total
-------------------------+-------+-------++-------
Melee: War axe           |    83 |    38 ||   121
  Use: Scroll            |     5 |       ||     5
       Potion            |       |     1 ||     1
Armor: Scale mail        |     7 |       ||     7
       Chain mail        |    42 |    20 ||    62
Dodge: Dodged            |    32 |    11 ||    43
Block: Buckler           |    21 |    10 ||    31

Table legend: (Time is in decaauts)
 A = Elapsed time spent in this place.
 B = Non-inter-level travel time spent in this place.
 C = Inter-level travel time spent in this place.
 D = Time resting spent in this place.
 E = Time spent auto-exploring this place.
 F = Levels seen in this place.
 G = Mean time per level.
                   A        B        C        D        E       F      G
               +--------+--------+--------+--------+--------+-----+--------+
         Total |   1980 |   1972 |      8 |    360 |   1273 |   3 |  660.0 |
       Dungeon |   1980 |   1972 |      8 |    360 |   1273 |   3 |  660.0 |
               +--------+--------+--------+--------+--------+-----+--------+

Top non-repeatable levels by time:
     D:1: 1122 daAuts
     D:2: 792 daAuts
     D:4: 65 daAuts
